Map: Blueshift LE

Players

NotoriousLIP

  • Race: Protoss Protoss
  • League: Master
  • Spawn Location: 7:00

Lambo - Winner!

  • Race: Zerg Zerg
  • League: Grandmaster
  • Spawn Location: 1:00

VOD

Have the link to the VOD?

Description

Time

  • Played on: Dec. 15, 2018, 7:42 a.m.
  • Length: 10:36
Show
View Real Time Build Order
Export as new Build Order

NotoriousLIP Protoss 

Build Orders: 1 Gate Expand, Oracle Opening, Phoenix Opening, Archon Immortal, Mass Phoenix 

Get SALT Encoding   

  12  0:01  Probe  
  13  0:13  Probe  
  14  0:19  Pylon  
  14  0:25  Probe  
  15  0:33  Probe  
  15  0:40  Gateway  
  15  0:42  Probe  
  16  0:48  Assimilator  
  17  0:51  Probe  
  18  1:04  Probe  
  19  1:16  Probe  
  20  1:22  Nexus  
  20  1:32  Cybernetics Core  
  20  1:35  Probe  
  21  1:40  Assimilator  
  21  1:47  Probe  
  21  1:50  Pylon  
  22  1:59  Probe  
  22  2:00  Adept  
  23  2:11  Probe  
  23  2:14  Stargate  
  26  2:19  Probe  
  26  2:26  Adept  
  26  2:27  Probe  
  29  2:31  Probe  
  29  2:33  Warp Gate  
  31  2:38  Probe  
  31  2:39  Probe  
  33  2:46  Assimilator  
  33  2:49  Probe  
  33  2:50  Probe  
  35  2:58  Assimilator  
  35  3:01  Probe, Phoenix  
  35  3:03  Probe  
  39  3:13  Probe  
  39  3:15  Probe  
  39  3:16  Oracle  
  39  3:18  Pylon  
  41  3:25  Probe  
  45  3:27  Gateway  
  45  3:29  Probe  
  46  3:37  Probe  
  47  3:41  Probe  
  47  3:44  Stargate  
  47  3:46  Phoenix  
  48  3:49  Probe, Pylon  
  48  3:53  Probe  
  52  3:58  Pylon  
  52  4:02  Probe  
  53  4:05  Phoenix  
  53  4:06  Probe  
  54  4:14  Probe  
  57  4:18  Probe, Pylon  
  58  4:24  Phoenix  
  58  4:27  Phoenix  
  62  4:33  Probe  
  62  4:34  Probe  
  64  4:40  Zealot  
  64  4:45  Phoenix  
  66  4:49  Phoenix  
  70  4:57  Nexus  
  70  5:00  Probe x2  
  70  5:01  Pylon  
  72  5:07  Pylon  
  72  5:10  Phoenix  
  72  5:12  Probe  
  75  5:15  Probe  
  75  5:19  Robotics Facility  
  76  5:25  Probe  
  77  5:29  Probe  
  77  5:32  Robotics Facility  
  77  5:33  Sentry  
  80  5:37  Probe  
  80  5:41  Probe  
  82  5:49  Probe  
  83  5:53  Probe  
  82  5:59  Assimilator  
  82  6:01  Probe  
  82  6:04  Probe, Assimilator  
  83  6:06  Pylon  
  83  6:08  Probe  
  83  6:09  Probe  
  83  6:10  Immortal  
  88  6:12  Probe, Forge  
  88  6:14  Sentry, Zealot  
  88  6:16  Probe  
  88  6:17  Probe  
  95  6:20  Observer, Probe  
  95  6:21  Gateway  
  99  6:28  Probe  
  99  6:29  Twilight Council  
  99  6:32  Immortal  
  101  6:35  Probe  
  101  6:43  Gateway  
  101  6:46  Protoss Ground Weapons Level 1  
  105  6:47  Gateway, Immortal  
  105  6:50  Gateway  
  109  6:58  Pylon  
  109  7:01  Shield Battery  
  109  7:10  Charge  
  109  7:11  Immortal  
  113  7:19  Templar Archives  
  113  7:21  Immortal  
  113  7:22  Gateway  
  113  7:26  Gateway  
  113  7:27  Pylon  
  113  7:29  Pylon  
  117  7:35  Psionic Storm  
  117  7:36  Pylon  
  117  7:38  Pylon  
  117  7:45  Photon Cannon  
  117  7:46  Photon Cannon  
  117  7:48  Immortal  
  121  7:52  Pylon  
  121  7:54  Shield Battery  
  121  7:55  High Templar x2  
  121  7:56  High Templar  
  127  8:03  High Templar  
  123  8:07  Immortal, Photon Cannon  
  123  8:09  Photon Cannon  
  125  8:12  Shield Battery  
  125  8:17  Zealot x3  
  131  8:20  Immortal  
  131  8:26  Pylon  
  131  8:28  Photon Cannon  
  131  8:29  High Templar  
  131  8:30  High Templar  
  139  8:38  Zealot x4  
  137  8:46  Zealot x2  
  117  9:06  Zealot x6  
  117  9:10  Archon x2  
  117  9:11  Zealot x2  
  117  9:12  Immortal  
  103  9:26  Zealot x2  
  103  9:28  Zealot  
  103  9:29  Zealot x2  
  92  9:32  Immortal  
  92  9:33  Probe  
  92  9:34  High Templar x3  
  99  9:39  Archon  
  97  9:53  High Templar  
  97  9:54  Sentry, High Templar x2, Shield Battery  
  97  9:55  Zealot  
  107  10:00  Archon  
  107  10:06  Zealot x2  
  115  10:07  Zealot  
  114  10:15  Zealot  
  102  10:24  Zealot  
  102  10:27  Zealot x4  
  94  10:32  Zealot  
Show
View Real Time Build Order
Export as new Build Order

Lambo Zerg - Winner!

Build Orders: Hatch First 

Get SALT Encoding   

  12  0:01  Drone  
  13  0:13  Overlord  
  13  0:16  Drone  
  14  0:31  Drone x2  
  16  0:48  Hatchery  
  15  0:51  Drone  
  15  0:54  Drone  
  17  0:58  Drone  
  18  1:08  Extractor  
  17  1:13  Spawning Pool  
  17  1:16  Drone  
  17  1:19  Drone  
  18  1:28  Drone  
  19  1:42  Drone  
  20  1:52  Overlord  
  20  2:00  Queen x2  
  24  2:01  Zergling x4  
  26  2:09  Metabolic Boost  
  26  2:11  Drone x2  
  28  2:22  Drone x2  
  30  2:35  Hatchery  
  29  2:41  Drone  
  29  2:43  Drone x2  
  32  2:45  Overlord  
  32  2:55  Queen  
  32  2:58  Drone x2  
  37  3:05  Drone x2  
  37  3:10  Drone x2  
  39  3:14  Overlord, Drone  
  39  3:17  Drone x2  
  42  3:21  Drone  
  42  3:25  Overlord  
  43  3:32  Queen  
  45  3:35  Drone  
  45  3:38  Spore Crawler  
  45  3:46  Drone x4  
  49  3:49  Queen  
  49  3:54  Drone  
  52  3:56  Zergling x4  
  52  3:59  Spore Crawler, Drone x2  
  55  4:03  Overlord  
  55  4:06  Drone x2  
  57  4:16  Overlord  
  57  4:20  Overlord  
  57  4:21  Drone x3  
  61  4:24  Drone x3  
  61  4:25  Drone  
  61  4:30  Drone x2  
  65  4:35  Drone  
  66  4:40  Lair, Extractor  
  66  4:41  Extractor  
  66  4:42  Roach Warren, Drone  
  66  4:43  Drone x2  
  66  4:44  Drone x2  
  68  4:46  Drone  
  68  4:47  Drone x2  
  68  4:50  Overlord, Drone  
  72  4:54  Drone  
  72  4:55  Evolution Chamber  
  72  4:56  Drone x2  
  72  4:57  Drone  
  75  5:06  Queen  
  77  5:09  Spore Crawler  
  77  5:11  Spore Crawler  
  77  5:13  Drone x4  
  79  5:15  Queen  
  79  5:16  Drone x2  
  79  5:17  Drone  
  79  5:18  Extractor  
  79  5:19  Extractor  
  79  5:20  Spore Crawler, Drone  
  82  5:22  Drone x2  
  82  5:25  Zerg Missile Weapons Level 1  
  82  5:27  Drone x2  
  86  5:31  Drone x4  
  86  5:34  Spore Crawler  
  89  5:37  Spore Crawler  
  89  5:38  Drone x2  
  89  5:39  Drone x2  
  87  5:45  Drone  
  87  5:48  Extractor  
  87  5:49  Hydralisk Den  
  85  5:50  Baneling Nest  
  82  6:02  Drone  
  81  6:08  Drone  
  81  6:09  Overlord  
  82  6:13  Overlord  
  82  6:14  Overlord  
  82  6:16  Overlord  
  82  6:18  Grooved Spines  
  82  6:19  Overlord  
  82  6:26  Overlord  
  82  6:27  Queen  
  82  6:29  Overlord  
  82  6:30  Overlord  
  84  6:36  Drone  
  84  6:37  Centrifical Hooks, Drone x2  
  87  6:45  Hatchery  
  86  6:48  Hydralisk x7  
  100  6:56  Hydralisk x2  
  100  7:00  Hydralisk x3  
  109  7:05  Hydralisk x2  
  111  7:10  Hydralisk x2  
  115  7:16  Hydralisk x3  
  115  7:22  Hydralisk x2  
  123  7:29  Overlord x2, Muscular Augments  
  125  7:30  Hydralisk x2  
  125  7:33  Hydralisk  
  131  7:39  Hydralisk x3  
  137  7:49  Zergling x10  
  142  7:53  Zergling x8  
  146  8:04  Zergling x12  
  152  8:09  Zergling x4  
  154  8:15  Zergling x10  
  159  8:20  Zergling x10  
  159  8:21  Baneling x16  
  159  8:26  Baneling x4  
  159  8:27  Zergling x2, Baneling x5  
  164  8:40  Hydralisk x5  
  167  8:49  Zergling x2  
  167  8:52  Overlord  
  164  8:58  Hydralisk  
  164  8:59  Hydralisk x6  
  164  9:02  Zergling x4  
  155  9:07  Zergling x8  
  147  9:11  Zergling x4  
  147  9:13  Zergling x4  
  136  9:21  Zergling x4  
  122  9:26  Zergling x4  
  107  9:31  Zergling x2  
  107  9:35  Hydralisk  
  107  9:36  Hydralisk x2  
  113  9:42  Zergling x2  
  113  9:43  Zergling x2  
  113  9:46  Baneling x4  
  113  9:47  Zergling x2  
  113  9:52  Hydralisk  
  116  9:58  Hydralisk x2  
  120  10:00  Baneling x16  
  120  10:04  Hydralisk x2  
  120  10:05  Hydralisk  
  120  10:06  Zergling x4  
  128  10:09  Hydralisk  
Tags
 
Add a new tag
Caveats
  • Supply blocks, unpowered buildings, or Contaminate may cause inaccurate times.
  • Supply counts are checked every 10 seconds.